 Dungeon Crawl Stone Soup version 0.27-a0-972-gd1521fd518 (webtiles) character file.

Game seed: 5573313496181298063

1828 polve the Distorting Demonspawn (level 8, -1/58 HPs)
             Began as a Demonspawn Abyssal Knight on Apr 13, 2021.
             Was a Believer of Lugonu.
             Succumbed to a killer bee's poison
             ... on level 9 of the Dungeon.
             The game lasted 00:11:19 (9023 turns).

polve the Distorting Demonspawn (DsAK)              Turns: 9023, Time: 00:11:19

Health: -1/58      AC:  8    Str: 19    XL:     8   Next: 86%
Magic:  9/15       EV: 13    Int: 14    God:    Lugonu [**....]
Gold:   259        SH:  0    Dex: 13    Spells: 7/7 levels left

rFire    + . .     SeeInvis .     - Unarmed
rCold    + . .     Faith    .   (no shield)
rNeg     + . .     Spirit   .   p - +0 ring mail
rPois    .         Reflect  .   m - +0 helmet
rElec    .         Harm     .   c - +0 cloak
rCorr    .         Rampage  .   (no gloves)
Will     .....                  d - +0 pair of boots
Stlth    +.........             (no amulet)
HPRegen  0.19/turn              n - ring of Tiprisogg {rF+ rC+ rN+ Str+5}
MPRegen  0.28/turn              (no ring)

@: lethally poisoned (-1 -> -12)
A: claws 1, repulsion field 2, magic regeneration, demonic magic 1
a: Renounce Religion, Depart the Abyss, Bend Space


You were on level 9 of the Dungeon.
You worshipped Lugonu.
Lugonu was pleased with you.
You visited 1 branch of the dungeon, and saw 7 of its levels.
You visited the Abyss 1 time.

You collected 259 gold pieces.

Inventory:

Hand Weapons
 a - a +1 short sword
 k - a +2 dagger of speed
Armour
 b - a +0 leather armour
 c - a +0 cloak (worn)
 d - a +0 pair of boots (worn)
 m - a +0 helmet (worn)
 p - a +0 ring mail (worn)
Jewellery
 g - the ring of Xaonis Pal {rElec rC+ Str+6}
   (You found it on level 5 of the Dungeon)

   [ring of strength]

   It affects your strength (+6).
   It protects you from cold.
   It insulates you from electricity.
 n - the ring of Tiprisogg (left claw) {rF+ rC+ rN+ Str+5}
   (You found it on level 4 of the Dungeon)

   [ring of positive energy]

   It affects your strength (+5).
   It protects you from fire.
   It protects you from cold.
   It protects you from negative energy.
Wands
 o - a wand of flame (53)
Scrolls
 e - 3 scrolls of identify {unknown}
 f - 2 scrolls of amnesia {unknown}
 h - a scroll of torment {unknown}
 i - 2 scrolls of enchant armour {unknown}
 j - a scroll of blinking {unknown}
 r - a scroll of noise {unknown}
Potions
 l - a potion of flight


   Skills:
 - Level 3.0 Fighting
 - Level 4.0 Short Blades
 - Level 1.7 Armour
 - Level 0.8 Dodging
 + Level 7.0 Unarmed Combat
 - Level 10.0 Invocations


You had 7 spell levels left.
You didn't know any spells.
Your spell library was empty.

Dungeon Overview and Level Annotations

Branches:
Dungeon (6/15)
 Temple: D:4-7

Altars:
Ashenzari
Elyvilon
Gozag
Hepliaklqana
Uskayaw
Vehumet

Annotations:
D:4 3 runed translucent doors, PeterLawrence's ghost, amateur MiFi
Abyss:1 Grinder


Innate Abilities, Weirdness & Mutations

You have sharp fingernails.
You are surrounded by a moderate repulsion field. (EV +3)
You regenerate magic rapidly.
Spells you cast may paralyse adjacent enemies.


Message History

Your Unarmed Combat skill increases to level 7!
You barely miss the killer bee.
You feel sick.
The killer bee stings you but does no damage.
The killer bee barely misses you.
You miss the killer bee.
You feel sick. The killer bee stings you!
You are more poisoned.
The killer bee poisons you! The killer bee closely misses you.
You scratch the killer bee but do no damage.
You feel very sick. The killer bee closely misses you.
You closely miss the killer bee.
You feel sick. The killer bee barely misses you. The killer bee stings you.
* * * LOW HITPOINT WARNING * * *
You closely miss the killer bee.
You feel sick. The killer bee closely misses you. x2
You closely miss the killer bee.
You feel sick. The killer bee stings you!
* * * LOW HITPOINT WARNING * * *
The killer bee completely misses you.
You completely miss the killer bee.
You feel sick. The killer bee stings you.
* * * LOW HITPOINT WARNING * * *
You are more poisoned.
The killer bee poisons you!
Okay, then.
Aiming: Throw Flame
Press: ? - help, Shift-Dir - straight line, f - killer bee
Aim: a killer bee (61% to evade)
The puff of flame misses the killer bee.
The puff of flame hits the killer bee.
The killer bee is moderately wounded.
* * * LOW HITPOINT WARNING * * *
You feel very sick. The killer bee closely misses you.
The killer bee stings you but does no damage.
Aiming: Throw Flame
Press: ? - help, Shift-Dir - straight line, f/p - killer bee
Aim: a killer bee (61% to evade)
The puff of flame misses the killer bee.
The puff of flame hits the killer bee.
The killer bee is moderately wounded.
You die...

#.............####.
#.....#####.T......
#...........#######
#...........#
#....########
#....# #....#
#.##.##############
#.##...@yy.........
#.....###..........
#..>..# #.........#
#..#..###.........#
#..#..............#
#..#...............
#..................
###################


You could see 2 killer bees.

Vanquished Creatures
  An ice beast (D:5)
  2 black bears
  An ogre (D:5)
  A centaur (D:6)
  A phantom (D:4)
  A bullfrog (D:5)
  A killer bee (D:9)
  2 electric eels (D:4)
  2 orc priests (D:3)
  Crazy Yiuf (D:2)
  A centaur skeleton (D:4)
  5 orc wizards
  A howler monkey zombie (D:5)
  Robin (D:3)
  3 adders
  2 ufetubi
  2 adder skeletons (D:4)
  22 orcs
  6 ball pythons
  11 endoplasms
  A giant cockroach (D:3)
  18 goblins
  10 hobgoblins
  8 jackals
  3 quokkas
  3 bats
  5 frilled lizards
  16 kobolds
  6 rats
137 creatures vanquished.

Vanquished Creatures (others)
  A plant (D:4)
1 creature vanquished.

Grand Total: 138 creatures vanquished

Notes
Turn   | Place    | Note
-------+----------+-------------------------------------------
     0 | Abyss:1  | polve the Demonspawn Abyssal Knight began the quest for the
                  | Orb.
     0 | Abyss:1  | Reached XP level 1. HP: 18/18 MP: 2/2
    16 | Abyss:1  | Found a corrupted altar of Lugonu.
    64 | Abyss:1  | Noticed an orange demon
    73 | D:1      | Escaped the Abyss
   412 | D:1      | Gained mutation: You are surrounded by a mild repulsion
                  | field. (EV +2) [demonic ancestry]
   412 | D:1      | Reached XP level 2. HP: 10/24 MP: 3/3
   960 | D:1      | Reached * piety under Lugonu
  1350 | D:1      | Gained mutation: You regenerate magic rapidly. [demonic
                  | ancestry]
  1350 | D:1      | Reached XP level 3. HP: 26/29 MP: 4/4
  2162 | D:2      | Found a faded altar of an unknown god.
  2174 | D:2      | Found a faded altar of an unknown god.
  2536 | D:2      | Found a broken altar of Ashenzari.
  2686 | D:2      | Found a runed translucent door.
  2687 | D:2      | Noticed Crazy Yiuf
  2896 | D:2      | Killed Crazy Yiuf
  2897 | D:2      | Reached skill level 3 in Invocations
  2897 | D:2      | Gained mutation: Spells you cast may paralyse adjacent
                  | enemies. [demonic ancestry]
  2897 | D:2      | Reached XP level 4. HP: 3/35 MP: 4/6
  3448 | D:3      | Reached skill level 4 in Invocations
  3458 | D:3      | Gained mutation: You are surrounded by a moderate repulsion
                  | field. (EV +3) [demonic ancestry]
  3458 | D:3      | Reached XP level 5. HP: 26/41 MP: 8/8
  3477 | D:3      | Reached ** piety under Lugonu
  3485 | D:3      | Reached skill level 5 in Invocations
  3707 | D:3      | Found a hazy altar of Hepliaklqana.
  4191 | D:3      | Noticed Robin
  4506 | D:3      | Killed Robin
  4907 | D:3      | Found a radiant altar of Vehumet.
  5061 | D:4      | Identified the ring of Tiprisogg {rF+ rC+ rN+ Str+5}
  5165 | D:4      | Found a transporter.
  5172 | D:4      | Found a transporter.
  5183 | D:4      | Noticed an ogre
  5195 | D:4      | Reached skill level 6 in Invocations
  5197 | D:4      | Reached XP level 6. HP: 23/47 MP: 9/11
  5402 | D:4      | Reached *** piety under Lugonu
  5535 | D:4      | Noticed Grinder
  5546 | D:4      | Paralysed by Grinder for 6 turns
  5553 | D:4      | Banished Grinder
  5554 | D:4      | Reached skill level 8 in Invocations
  5555 | D:4      | Gained mutation: You have sharp fingernails. [demonic
                  | ancestry]
  5555 | D:4      | Reached XP level 7. HP: 12/52 MP: 2/13
  5906 | D:4      | Reached skill level 9 in Invocations
  6305 | D:3      | Reached skill level 10 in Invocations
  6327 | D:3      | Reached skill level 1 in Unarmed Combat
  6703 | D:4      | Found a runed translucent gate.
  6703 | D:4      | Found a runed translucent gate.
  6704 | D:4      | Found a runed translucent gate.
  6708 | D:4      | Noticed PeterLawrence's ghost (amateur MiFi)
  6992 | D:5      | Entered Level 5 of the Dungeon
  7451 | D:5      | Reached XP level 8. HP: 10/58 MP: 15/15
  7893 | D:5      | Found an opulent altar of Gozag.
  7902 | D:5      | Found a hide-covered altar of Uskayaw.
  7993 | D:5      | Identified the ring of Xaonis Pal {rElec rC+ Str+6}
  8651 | D:6      | Reached skill level 5 in Unarmed Combat
  8659 | D:6      | You fall into a shaft and drop 3 floors!
  8659 | D:9      | Noticed a troll
  8684 | D:9      | Banished a troll
  9022 | D:9      | HP: 2/58 [poisoned by a killer bee]
  9023 | D:9      | Succumbed to a killer bee's poison

Illustrated notes

Levels and vault maps discovered:
D:1:      dpeg_arrival_morbid_curiosity, layout_basic
D:2:      layout_loops_cross, basic_altar,
          hellmonk_ecumenical_altar_the_god_not_taken, uniq_crazy_yiuf_cottage
D:3:      layout_basic, lemuel_coloured_pillars_altar, lemuel_tele_altar,
          uniq_robin
D:4:      gammafunk_steamed_eel, layout_loops_cross, gammafunk_ghost_necromancy,
          uniq_grinder
D:5:      layout_basic, nicolae_overflow_hidden_temple
D:6:      kennysheep_kobold_camp, layout_basic, minmay_temple_entry_hall,
          uniq_eustachio, uniq_duvessa
D:9:      layout_stronghold, lemuel_round_altar,
          nicolae_kikubaaqudgha_miasma_corner, general_overflow_altar

Skill      XL: |  1  2  3  4  5  6  7  8 |
---------------+-------------------------+-----
Short Blades   | 2 3 4 |  4.0
Invocations    | 3 4 6 8 10 | 10.0
Unarmed Combat | 3 7 |  7.0
Fighting       | |  3.0
Armour         | |  1.7
Dodging        | |  0.8

Action                   |  1- 3 |  4- 6 |  7- 9 || total
-------------------------+-------+-------+-------++-------
Melee: Short sword       |   202 |    87 |       ||   289
       Dagger            |       |   132 |   196 ||   328
       Unarmed           |       |       |    83 ||    83
       Punch             |       |       |     3 ||     3
Invok: Depart the Abyss  |     1 |       |       ||     1
       Banish            |       |     2 |     5 ||     7
       Bend Space        |       |     1 |       ||     1
Evoke: Wand              |       |     3 |     2 ||     5
  Use: Potion            |     7 |       |     3 ||    10
Armor: Leather armour    |    49 |    38 |     1 ||    88
       Ring mail         |       |       |    87 ||    87
Dodge: Dodged            |   102 |    86 |   149 ||   337

Table legend: (Time is in decaauts)
 A = Elapsed time spent in this place.
 B = Non-inter-level travel time spent in this place.
 C = Inter-level travel time spent in this place.
 D = Time resting spent in this place.
 E = Time spent auto-exploring this place.
 F = Levels seen in this place.
 G = Mean time per level.
                   A        B        C        D        E       F      G
               +--------+--------+--------+--------+--------+-----+--------+
         Total |   8844 |   8603 |    241 |    478 |   6859 |   8 | 1105.5 |
       Dungeon |   8771 |   8530 |    241 |    478 |   6797 |   7 | 1253.0 |
         Abyss |     73 |     73 |      0 |      0 |     62 |   1 |   73.0 |
               +--------+--------+--------+--------+--------+-----+--------+

Top non-repeatable levels by time:
     D:3: 2232 daAuts
     D:2: 1701 daAuts
     D:1: 1670 daAuts
     D:4: 1411 daAuts
     D:5: 1373 daAuts
     D:9: 366 daAuts
 Abyss:1: 73 daAuts
     D:6: 16 daAuts
